 Dungeon Crawl Stone Soup version 0.30-a0-618-gd6c86c23d0 (webtiles) character file.

Game seed: 6160695758627720469

324 Powssss the Trooper (level 6, 0/56 HPs)
             Began as a Minotaur Fighter on Jan 10, 2023.
             Slain by a killer bee (5 damage)
             ... on level 4 of the Dungeon.
             The game lasted 00:21:40 (2706 turns).

Powssss the Trooper (Minotaur Fighter)              Turns: 2706, Time: 00:21:41

Health: 0/56       AC:  7    Str: 23    XL:     6   Next: 23%
Magic:  5/5        EV:  9    Int:  5    God:
Gold:   169        SH:  5    Dex:  9    Spells: 5/5 levels left

rFire   . . .      SeeInvis .    a - +0 long sword
rCold   . . .      Faith    .    c - +1 buckler
rNeg    . . .      Spirit   .    b - +0 scale mail
rPois   .          Reflect  .    (helmet restricted)
rElec   .          Harm     .    (no cloak)
rCorr   .          Rampage  .    (no gloves)
Will    .....                    (no boots) Stlth
                                 (no amulet)
HPRegen 0.29/turn                (no ring)
MPRegen 0.09/turn                (no ring)

@: lethally poisoned (0 -> -20)
A: horns 2, retaliatory headbutt
a: no special abilities


You were on level 4 of the Dungeon.
You visited 1 branch of the dungeon, and saw 4 of its levels.

You collected 169 gold pieces.

Inventory:

Hand Weapons
 a - a +0 long sword (weapon)
 m - a +2 hand axe of electrocution
Armour
 b - a +0 scale mail (worn)
 c - a +1 buckler (worn)
Scrolls
 e - a scroll of teleportation
Potions
 d - a potion of might
 f - 2 potions of heal wounds {unknown}
 g - a potion of haste {unknown}
 i - a potion of curing {unknown}
 j - a potion of lignification {unknown}
 k - a potion of attraction {unknown}
 l - a potion of mutation {unknown}


   Skills:
 + Level 5.5 Fighting
 + Level 4.8 Long Blades
 + Level 5.5 Armour
 - Level 4.3 Shields


You had 5 spell levels left.
You didn't know any spells.
Your spell library contained the following spells:

 Spells                   Type           Power      Damage    Failure   Level
 Fireball                 Conj/Fire      0%         3d3       100%        5
 Iskenderun's Battlesphe  Conj           0%         2d6       100%        5
 Summon Forest            Summ/Tloc      0%         N/A       100%        5
 Conjure Ball Lightning   Conj/Air       0%         3x3d6     100%        6
 Eringya's Noxious Bog    Tmut/Pois      0%         N/A       100%        6
 Orb of Destruction       Conj           0%         9d5       100%        7
 Summon Hydra             Summ           0%         N/A       100%        7


Dungeon Overview and Level Annotations

Branches:
Dungeon (4/15)
 Temple: D:4-7

Altars:
Hepliaklqana
Zin
The Shining One


Innate Abilities, Weirdness & Mutations

You have a pair of horns on your head.
You reflexively headbutt those who attack you in melee.


Message History

A killer bee comes into view.
You hit the killer bee.
The killer bee is moderately wounded.
The killer bee stings you. The killer bee closely misses you.
The killer bee stings you.
You are poisoned.
The killer bee poisons you! The killer bee stings you.
You closely miss the killer bee.
The killer bee is moderately wounded.
You feel sick. The killer bee stings you.
You are more poisoned.
The killer bee poisons you! The killer bee stings you.
You are more poisoned.
The killer bee poisons you! The killer bee stings you.
The killer bee stings you but does no damage. x2
The killer bee closely misses you.
You barely miss the killer bee.
The killer bee is lightly wounded.
You feel very sick. The killer bee stings you.
You are lethally poisoned!
The killer bee poisons you! The killer bee stings you.
You are more poisoned.
The killer bee poisons you!
The killer bee stings you but does no damage. x2
As you read the scroll of teleportation, it crumbles to dust.
You feel strangely unstable.
* * * LOW HITPOINT WARNING * * *
You feel extremely sick. The killer bee barely misses you.
The killer bee closely misses you. The killer bee barely misses you.
As you read the scroll of teleportation, it crumbles to dust.
You feel strangely stable.
* * * LOW HITPOINT WARNING * * *
You feel very sick.
The killer bee stings you but does no damage.
The killer bee closely misses you. The killer bee stings you.
* * * LOW HITPOINT WARNING * * *
The killer bee stings you.
You die...

....... ..S... ......
.$..# .y..# #y#.# #.#
#y#.# #.# ##@#.#####
#.# ##.yy.#...# #(#
##.#.......#.## #.#
.........#....####.#
##.#.#....###......####
#...#........†....)...
######...#############
......## #######


You could see 5 killer bees and an adder (wandering).

Vanquished Creatures
  A phantom (D:4)
  A killer bee (D:4)
  A hound (D:4)
  2 orc wizards (D:3)
  5 adders
  An ufetubus (D:4)
  2 dart slugs
  4 orcs
  5 ball pythons
  5 giant cockroaches
  10 goblins
  5 hobgoblins
  3 jackals (D:4)
  6 kobolds
  3 quokkas (D:1)
  3 bats
  3 frilled lizards (D:1)
  9 rats
69 creatures vanquished.

Vanquished Creatures (others)
  2 plants (D:3)
2 creatures vanquished.

Grand Total: 71 creatures vanquished

Notes
Turn   | Place    | Note
-------+----------+-------------------------------------------
     0 | D:1      | Powssss the Minotaur Fighter began the quest for the Orb.
     0 | D:1      | Reached XP level 1. HP: 19/19 MP: 0/0
   117 | D:1      | Reached XP level 2. HP: 15/27 MP: 1/1
   359 | D:1      | Reached XP level 3. HP: 13/33 MP: 2/2
   531 | D:1      | Found a faded altar of an unknown god.
   948 | D:2      | Reached XP level 4. HP: 41/41 MP: 3/3
  1973 | D:3      | Reached XP level 5. HP: 47/47 MP: 4/4
  2083 | D:3      | Found a hazy altar of Hepliaklqana.
  2141 | D:3      | Found a glowing silver altar of Zin.
  2196 | D:3      | Found a glowing golden altar of the Shining One.
  2528 | D:4      | Noticed a phantom
  2564 | D:4      | Killed a phantom
  2565 | D:4      | Reached skill level 5 in Fighting
  2565 | D:4      | Reached skill level 5 in Armour
  2593 | D:4      | Reached XP level 6. HP: 46/56 MP: 5/5
  2706 | D:4      | Slain by a killer bee

Illustrated notes

Levels and vault maps discovered:
D:1:      wander_arrival_estate, layout_rooms, chequers_ecumenical_altar_grove,
          minivault_26
D:2:      layout_loops_ring
D:3:      layout_loops_ring, tso_oasis_becter, mainiacjoe_overflow_paths,
          mainiacjoe_overflow_six_doors_small, kennysheep_big_empty_room,
          nicolae_titane
D:4:      layout_loops_ring, minmay_temple_entry_gardened_gates

Skill      XL: |  1  2  3  4  5 |
---------------+----------------+-----
Fighting       | 4 5 |  5.5
Shields        | 4 |  4.3
Armour         | 4 5 |  5.5
Long Blades    | 3 4 |  4.8

Action                   |  1- 3 |  4- 6 || total
-------------------------+-------+-------++-------
Melee: Long sword        |    75 |    96 ||   171
       Headbutt          |     8 |    18 ||    26
  Use: Scroll            |     5 |     3 ||     8
Armor: Scale mail        |    40 |    52 ||    92
Dodge: Dodged            |    56 |    31 ||    87
Block: Buckler           |    22 |    16 ||    38

Table legend: (Time is in decaauts)
 A = Elapsed time spent in this place.
 B = Non-inter-level travel time spent in this place.
 C = Inter-level travel time spent in this place.
 D = Time resting spent in this place.
 E = Time spent auto-exploring this place.
 F = Levels seen in this place.
 G = Mean time per level.
                   A        B        C        D        E       F      G
               +--------+--------+--------+--------+--------+-----+--------+
         Total |   2753 |   2750 |      3 |    376 |    836 |   4 |  688.2 |
       Dungeon |   2753 |   2750 |      3 |    376 |    836 |   4 |  688.2 |
               +--------+--------+--------+--------+--------+-----+--------+

Top non-repeatable levels by time:
     D:3: 1262 daAuts
     D:1: 617 daAuts
     D:2: 609 daAuts
     D:4: 264 daAuts
